[Event "*** Titled Tuesday Blitz"]
[Site "Chess.com"]
[Date "2021.04.27"]
[Round "11"]
[White "Mikhal867"]
[Black "azikom"]
[Result "0-1"]
[WhiteElo "2469"]
[BlackElo "2662"]
[TimeControl "180+1"]
[EndTime "12:05:54 PDT"]
[Termination "azikom won on time"]

1. c4 e6 2. g3 d5 3. Bg2 Nf6 4. Nf3 Be7 5. O-O O-O 6. b3 d4 7. e3 Nc6 8. Bb2 e5 9. exd4 exd4 10. a3 a5 11. d3 Bc5 12. Nbd2 Bf5 13. Qc2 h6 14.
Nh4 Bh7 15. Rfe1 Re8 16. h3 Qd7 17. Kh2 Rad8 18. b4 axb4 19. Nb3 Bf8 20. Rxe8 Qxe8 21. Nf3 bxa3 22. Bxa3 Bxa3 23. Rxa3 Nb4 24. Qd2 Nxd3 25. Nbxd4 c5 26. Nb5 Ne4 27. Qa5 Ndxf2 28. Nc7 Qe7 29. Nd5 Qd6 30. Nd2 Nxd2 31. Qxd2 Ne4 32. Qe3 Ng5 33.
Ra7 Ne6 34. Rxb7 Bg6 35. Ne7+ Kh7 36. Nd5 Ng5 37. Rb6 Qf8 38. h4 Ne6 39. Rxe6 fxe6 40. Nf4 Bf5 41. Nxe6 Bxe6 42. Qxe6 Qd6 43. Qf5+ Kh8 44.
Be4 g6 45. Qxg6 Qxg6 46. Bxg6 Kg7 47. Be4 Rd4 48. Bd5 Kf6 49. Bg8 Kf5 50. Kh3 Rd1 51. Bf7 Kf6 52. Bg8 Rd4 53. Kg2 Kf5 54. Kh3 Rd2 55.
Bf7 Kf6 56. Bg8 Ke5 57. Kg4 Rd4+ 58. Kh5 Kf6 59. Kxh6 Rg4 60. Bd5 Rxg3 61. h5 Rg5 62. Be4 Rg4 63. Bd5 Rh4 64. Bg8 Rh2 65. Bd5 Rd2 66.
Bg8 Rd6 0-1

[Event "*** Titled Tuesday Blitz"]
[Site "Chess.com"]
[Date "2021.04.27"]
[Round "11"]
[White "Kildepiotr"]
[Black "Loy_Konstantin"]
[Result "0-1"]
[WhiteElo "2584"]
[BlackElo "2388"]
[TimeControl "180+1"]
[EndTime "12:05:59 PDT"]
[Termination "Loy_Konstantin won by resignation"]

1. Nf3 c5 2. g3 Nf6 3. Bg2 g6 4. O-O Bg7 5. c3 O-O 6. d4 cxd4 7. cxd4 d6 8. Nc3 Nc6 9. e4 Bd7 10. Be3 Rc8 11. Rc1 a6 12. d5 Nb8 13.
a4 Bg4 14. Qb3 Bxf3 15. Bxf3 Qd7 16. a5 h5 17. Na4 Rxc1 18. Rxc1 Ng4 19. Bb6 Qb5 20.
Qxb5 axb5 21. Nc3 Rc8 22. Rb1 Nd7 23. Nxb5 Nxb6 24. axb6 Rc2 25. Bxg4 hxg4 26. Ra1 Rxb2 27. Ra5 Rb4 28. Kf1 Rxe4 29. Nc7 Rb4 30. Na8 Bd4 31. Ra7 Bxb6 32. Rxb7 Bc5 33. Rxe7 Kg7 34. Nc7 Rb1+ 35. Re1 Rb2 36. Re2 Rb1+ 37. Kg2 Kf8 38. Na6 Rb6 39. Nxc5 dxc5 40. Rc2 Rb5 41. f4 Ke7 42. Ra2 Rb7 43. Ra6 Rd7 44. Kf2 Rxd5 45. Ke3 Rd6 46. Ra7+ Rd7 47. Ra5 Rc7 48. Kd3 Ke6 49.
Kc4 Kf5 50. Ra8 Ke4 51. Re8+ Kf3 52. Rh8 Kg2 53. Rh4 Kf3 54. Rh7 Kf2 55. Rh8 Kf3 56.
Rh4 Kg2 57. Rxg4 Kxh2 58. Rg5 Kh3 59. Kd3 c4+ 60. Kc3 Rc8 61. f5 Rc6 62. fxg6 fxg6 63. Kd2 c3+ 64. Kc2 Kh2 65. Rg4 Kh3 66. Rg5 Kg2 67.
Rg4 Kf3 68. Rg5 Ke3 69. Re5+ Kf2 70. Rg5 Kf3 71. g4 Kf4 72. Rb5 Kxg4 73. Rb4+ Kh5 74.
Rb8 g5 75. Rb1 g4 76. Rh1+ Kg5 77. Rg1 Kf4 78. Rf1+ Kg3 79. Rg1+ Kh3 80. Rh1+ Kg2 81. Rh8 g3 82. Rg8 Kf2 83. Rf8+ Kg1 84. Rg8 g2 85. Rg7 Rh6 86. Kxc3 Kh1 0-1

[Event "*** Titled Tuesday Blitz"]
[Site "Chess.com"]
[Date "2021.04.27"]
[Round "11"]
[White "poppy73"]
[Black "A-S-00"]
[Result "0-1"]
[WhiteElo "2185"]
[BlackElo "2327"]
[TimeControl "180+1"]
[EndTime "12:06:11 PDT"]
[Termination "A-S-00 won by checkmate"]

1. e4 c5 2. Nf3 Nc6 3. d4 cxd4 4. Nxd4 Nf6 5. Nc3 e6 6. Ndb5 Bb4 7. Nd6+ Ke7 8. Bf4 e5 9. Nf5+ Kf8 10. Bg5 d5 11. Bxf6 Qxf6 12. Qxd5 Bxf5 13. exf5 Rd8 14. Qe4 Rd4 15. Qe3 Qxf5 16. Bd3 Qd7 17. O-O h5 18. Ne2 Rd6 19. Rad1 Rhh6 20. Ng3 Nd4 21. c3 Bc5 22. cxd4 Bxd4 23. Qe2 g6 24. Bb5 Qe7 25. Ne4 Rb6 26. b3 Kg7 27. Bc4 f5 28. Ng3 Rd6 29. Rfe1 h4 30. Nf1 g5 31. h3 Rhg6 32. Nh2 Qf6 33. Nf3 g4 34. Nxd4 exd4 35. hxg4 Rxg4 36. Qe7+ Qxe7 37. Rxe7+ Kf6 38. Rf7+ Kg6 39. Rxb7 h3 40. g3 f4 41. Bd3+ Kf6 42. Be2 Rg5 43. g4 f3 44. Bxf3 d3 45. Rxa7 Rd4 46. Ra6+ Ke7 47. Ra7+ Kd6 48. Ra8 Kc5 49. Rd8 Rxd8 50. Rc1+ Kd4 51.
Rc4+ Ke5 52. Re4+ Kf6 53. Re1 d2 54. Rd1 Rd4 55. Kh2 Rc5 56. a4 Rc1 57. Rxd2 Rxd2 58. Kg3 Rcc2 59. Kxh3 Rxf2 60. Kg3 Rb2 61. Be4 Rfd2 62.
Bf3 Rxb3 63. a5 Rdd3 64. a6 Rxf3+ 65. Kh4 Ra3 66. g5+ Kg7 67. a7 Rfb3 68. a8=Q Rxa8 69. Kg4 Ra4+ 70. Kh5 Rh3# 0-1

[Event "*** Titled Tuesday Blitz"]
[Site "Chess.com"]
[Date "2021.04.27"]
[Round "11"]
[White "VerdeNotte"]
[Black "OK97"]
[Result "1/2-1/2"]
[WhiteElo "2895"]
[BlackElo "2773"]
[TimeControl "180+1"]
[EndTime "12:06:17 PDT"]
[Termination "Game drawn - insufficient material"]

1. g3 d5 2. Nf3 Nd7 3. d4 Nb6 4. Bg2 Bf5 5. O-O e6 6. Bg5 Be7 7. Bxe7 Qxe7 8. Nbd2 Nf6 9. c4 c6 10. Qb3 dxc4 11. Nxc4 Nxc4 12. Qxc4 Be4 13. Ne5 Bxg2 14. Kxg2 O-O 15. b4 Rfd8 16. e3 Nd5 17. Rab1 a6 18. h4 Rac8 19. h5 h6 20. Qc5 Qg5 21.
Rh1 b6 22. Qc1 c5 23. e4 Qxc1 24. Rhxc1 Nxb4 25. a3 Nc6 26. Rxb6 Nxd4 27. Rxa6 Nb3 28. Rc3 Nd2 29. f3 c4 30. Ra7 f6 31. Ng6 Ra8 32.
Rc7 Rd3 33. R7xc4 Nxc4 34. Rxd3 Nxa3 35. e5 fxe5 36. Nxe5 Nb5 37. Rd7 Nc3 38. Re7 Nd5 39.
Rxe6 Kh7 40. Rd6 Nf6 41. g4 Re8 42. Ng6 Rb8 43. Re6 Re8 44. Ra6 Rd8 45. Ra7 Kg8 46.
Kg3 Kh7 47. Nh4 Rd7 48. Ra8 Rd3 49. Ng6 Ng8 50. Kf4 Rd4+ 51. Ke5 Rd3 52. f4 Re3+ 53. Kf5 Rb3 54. g5 Rb5+ 55. Kg4 hxg5 56. fxg5 Rb4+ 57. Kf5 Rb5+ 58. Ne5 Ne7+ 59. Ke6 Nd5 60.
Ra4 Nc7+ 61. Kf5 Nd5 62. Ra7 Ne3+ 63. Ke4 Nc2 64. Kf4 Nd4 65. Nf7 Ne6+ 66. Kg4 Rb4+ 67. Kf5 Nd4+ 68. Ke4 Nc6+ 69. Kf5 Nxa7 70. g6+ Kg8 71.
Ne5 Rb5 72. Ke6 Rb6+ 73. Kf5 Rf6+ 74. Kg5 Nc6 75. Ng4 Rd6 76. h6 Ne7 77. h7+ Kh8 78. Ne5 Nxg6 79. Nf7+ Kxh7 80. Nxd6 Ne7 81. Ne8 Nd5 82.
Nxg7 1/2-1/2

[Event "*** Titled Tuesday Blitz"]
[Site "Chess.com"]
[Date "2021.04.27"]
[Round "11"]
[White "ChampStan"]
[Black "davidkalashian"]
[Result "0-1"]
[WhiteElo "2167"]
[BlackElo "2586"]
[TimeControl "180+1"]
[EndTime "12:06:44 PDT"]
[Termination "davidkalashian won on time"]

1. e4 c6 2. d4 g6 3. Nf3 Bg7 4.
Nc3 d6 5. h3 Nf6 6. Be2 O-O 7. a4 Nbd7 8. O-O e5 9. dxe5 dxe5 10. Be3 Qe7 11. Qd2 Nc5 12. Bg5 Re8 13. Rad1 Ne6 14.
Be3 Nc5 15. Bg5 Ne6 16. Be3 Nh5 17. g3 Rd8 18. Qc1 Nd4 19. Kg2 Nxe2 20. Nxe2 b6 21. Rxd8+ Qxd8 22. Rd1 Qe7 23. b3 Ba6 24. c4 Rd8 25. Rd2 Bc8 26. Qd1 Rxd2 27. Qxd2 Nf6 28. Nc3 Qd7 29. Qxd7 Nxd7 30. Ne1 Bf8 31. Nd3 f6 32.
Kf3 Kf7 33. h4 h5 34. Ke2 Nb8 35. f4 exf4 36. gxf4 Na6 37. Bd4 Nb4 38. Nxb4 Bxb4 39. Kd3 Be7 40. Ne2 f5 41. Bf2 c5 42. e5 Bb7 43. Ke3 Ke6 44. Ng1 Be4 45. Ne2 Bc2 46.
Nc1 Bd8 47. Kd2 Be4 48. Nd3 Be7 49. Nc1 Bf8 50. Nd3 Kd7 51. Ke3 Bh6 52. Bg3 Kc6 53. Kd2 a6 54. Nf2 Bg2 55. Nd3 b5 56. axb5+ axb5 57. Kc3 Bf8 58. Kd2 Be7 59. Kc3 Bd8 60. Bf2 Be7 61.
Kc2 Be4 62. Kc3 Bf8 63. Kc2 Bh6 64. Be3 bxc4 65. bxc4 Bf8 66. Kc3 Be7 67. Kc2 Bxh4 68. Kc3 Be7 69. Nf2 Bf3 70. Nh3 Bg2 71. Ng5 h4 72.
Bg1 h3 73. Bh2 Bh1 74. Nxh3 Be4 75. Ng5 Bg2 76. Bg3 Bd8 77. Bh4 Ba5+ 78. Kd3 Bf1+ 79. Ke3 Bxc4 80. Nh7 Bf7 81. Nf8 Kd5 82. Be7 c4 83.
Bd6 Bb6+ 0-1

[Event "*** Titled Tuesday Blitz"]
[Site "Chess.com"]
[Date "2021.04.27"]
[Round "11"]
[White "Jospem"]
[Black "AlexPapasimakopoulos"]
[Result "1-0"]
[WhiteElo "2998"]
[BlackElo "2580"]
[TimeControl "180+1"]
[EndTime "12:06:56 PDT"]
[Termination "Jospem won by resignation"]

1. e4 e6 2. d4 d5 3. Nc3 Bb4 4. e5 b6 5. a3 Bf8 6. f4 Nh6 7. Nf3 Be7 8. Bd3 Ba6 9. Bxa6 Nxa6 10. O-O c5 11. Ne2 cxd4 12. Nexd4 Qd7 13. b4 g6 14. Qe2 Nc7 15. Be3 Nf5 16. Bf2 Nxd4 17. Nxd4 h5 18. g3 O-O 19. Kh1 Kg7 20. c3 a6 21. Rg1 Nb5 22. Qd3 Nxd4 23. Bxd4 Qb5 24. Qxb5 axb5 25.
Bxb6 Ra6 26. Be3 Rfa8 27. Bc1 Rc6 28. Bb2 Rc4 29. Rad1 Bd8 30. Kg2 Bb6 31. Rge1 d4 32. Rd3 Rac8 33. Rc1 Kh6 34. Kf3 g5 35. fxg5+ Kxg5 36. Ke2 Kg4 37. Kd1 dxc3 38. Bxc3 Kh3 39. Rc2 Ba7 40. Kc1 Bb8 41. Re3 Ba7 42. Rd3 Bg1 43. Kb2 Ba7 44. Kb3 Bb8 45. Re2 Ba7 46. Bb2 Kg4 47.
Rd7 R8c7 48. Rd3 Kh3 49. a4 bxa4+ 50. Kxa4 Rc2 51. Rdd2 Rxd2 52. Rxd2 Bg1 53. b5 Bxh2 54.
b6 Rb7 55. Kb5 Bg1 56. Bd4 Bxd4 57. Rxd4 Kxg3 58. Kc6 Rb8 59. Rd7 h4 60. Rxf7 Rh8 61. b7 h3 62. Rg7+ Kf2 63. Rh7 Rxh7 64. b8=Q h2 65. Qb2+ Kg3 66. Qc3+ Kg4 67. Qd4+ Kg5 68. Qe3+ Kg6 69. Qe4+ Kg7 70. Qg2+ Kf7 71. Qh1 Ke7 72.
Kc7 Rh3 73. Kb6 Rh4 74. Kc5 Kf7 75. Qb7+ Kg6 76. Qg2+ Kf5 77. Qh1 Kxe5 78. Qe1+ Re4 79. Qg3+ Rf4 80. Qxh2 Kf5 81. Qh5+ Kf6 82. Qh6+ Ke5 83.
Qg7+ Rf6 84. Kc6 Kf5 85. Kd6 Rg6 86. Qf7+ Kg5 87. Qe7+ Kf5 88. Qf8+ Kg5 89. Qc8 Kf5 90. Kc5 Kf6 91. Kd4 Rg5 92. Ke4 Rf5 93. Qf8+ Kg6 94. Qe7 Rf6 95. Ke5 Rf5+ 96. Kxe6 Rf1 97. Qe8+ Kg7 98. Qd7+ Kg6 99. Qd3+ Rf5 100. Qxf5+ Kg7 101. Qf7+ Kh8 102. Qe7 Kg8 103. Kf6 Kh8 104. Kg6 Kg8 105. Qd7 1-0